Map: Neon Violet Square LE

Players

iPlayDefense

  • Race: Terran Terran
  • League: Silver
  • Spawn Location: 11:00

ErikOdS - Winner!

  • Race: Terran Terran
  • Spawn Location: 5:00

VOD

Have the link to the VOD?

Description

Time

  • Played on: April 13, 2025, 11:54 p.m.
  • Length: 7:39
Show
View Real Time Build Order
Export as new Build Order

iPlayDefense Terran 

Build Orders:  

Get SALT Encoding   

  12  0:00  SCV  
  13  0:16  Supply Depot  
  13  0:21  Refinery  
  13  0:24  SCV  
  14  0:36  SCV  
  15  0:48  Barracks  
  15  0:56  SCV  
  16  1:06  Supply Depot  
  16  1:08  SCV  
  17  1:18  Refinery  
  17  1:35  Orbital Command  
  17  1:36  Barracks Reactor  
  17  2:12  Marine x2  
  19  2:26  Factory  
  19  2:30  Marine x2  
  21  2:44  SCV  
  21  2:46  Command Center  
  22  2:57  SCV  
  22  3:09  SCV  
  23  3:13  Marine x2  
  23  3:15  Factory Tech Lab  
  25  3:21  SCV  
  26  3:30  Marine  
  26  3:31  Marine  
  26  3:33  SCV, Starport  
  29  3:58  Supply Depot  
  29  4:11  Starport  
  29  4:14  Siege Tank  
  29  4:16  Orbital Command, Starport Reactor  
  32  4:21  SCV  
  32  4:22  Marine  
  34  4:33  SCV  
  35  4:46  SCV  
  35  4:49  Starport Reactor  
  37  5:00  SCV x2  
  37  5:01  Marine x2  
  37  5:02  Siege Tank  
  43  5:12  SCV x2  
  45  5:14  Supply Depot  
  45  5:19  Marine x2  
  47  5:29  Medivac x2  
  51  5:36  Supply Depot  
  49  6:01  SCV  
  49  6:03  Marine x2  
  48  6:05  Siege Tank  
  50  6:13  SCV  
  50  6:21  Marine x2  
  50  6:25  SCV  
  51  6:32  Viking  
  51  6:33  Viking x3  
  51  6:37  Siege Tank  
  51  6:38  Supply Depot, SCV  
  63  6:41  SCV  
  63  6:42  Marine  
  63  6:43  Marine  
  66  6:50  SCV  
  66  6:53  SCV  
  68  7:00  Supply Depot, Marine  
  69  7:02  SCV, Viking  
  69  7:05  SCV  
  73  7:14  SCV  
  74  7:17  SCV  
  71  7:26  SCV  
Show
View Real Time Build Order
Export as new Build Order

ErikOdS Terran - Winner!

Build Orders: Reaper Expand 

Get SALT Encoding   

  12  0:01  SCV  
  13  0:13  SCV  
  14  0:21  Supply Depot  
  14  0:25  SCV  
  16  0:42  SCV  
  16  0:45  Barracks  
  16  0:52  Refinery  
  16  0:55  SCV  
  17  1:07  SCV  
  18  1:30  Refinery  
  18  1:32  SCV  
  19  1:38  Supply Depot  
  19  1:44  Reaper  
  20  1:49  Orbital Command  
  20  2:20  Command Center  
  20  2:21  Factory  
  20  2:34  Barracks Reactor  
  20  2:35  SCV  
  21  2:47  SCV  
  21  3:05  SCV  
  21  3:08  Factory Tech Lab  
  22  3:13  Starport  
  22  3:15  Marine x2  
  22  3:17  SCV  
  25  3:24  Armory  
  25  3:31  Cyclone  
  25  3:32  Marine  
  25  3:33  Marine  
  30  3:35  Mag-Field Accelerator  
  30  3:50  Orbital Command, Marine, Refinery  
  31  4:01  Starport Tech Lab  
  31  4:12  SCV, Fusion Core  
  32  4:26  SCV  
  33  4:33  Banshee  
  33  4:34  Cloaking Field  
  33  4:38  SCV  
  38  4:45  SCV  
  38  4:50  SCV  
  39  4:59  Terran Ship Weapons Level 1  
  39  5:02  SCV  
  40  5:11  Marine x2  
  42  5:14  SCV  
  42  5:16  SCV  
  44  5:24  Refinery  
  44  5:26  SCV  
  45  5:28  SCV  
  45  5:32  Supply Depot  
  45  5:34  Supply Depot x2  
  46  5:38  Supply Depot  
  46  5:54  Viking  
  48  6:34  Battlecruiser  
  48  6:37  Siege Tank  
  57  6:43  Starport  
  57  6:52  Command Center  
  54  7:23  Starport Tech Lab  
Tags
 
League
Silver
Matchup
TvT
Race
Terran
Replay Pack
DaveSC2
Spawn Locations
Cross Positions
Add a new tag
Caveats
  • Supply blocks, unpowered buildings, or Contaminate may cause inaccurate times.
  • Supply counts are checked every 10 seconds.